 Dungeon Crawl Stone Soup version 0.26-a0-812-g31a745ddcd (webtiles) character file.

Game seed: 5549545297930952799

203 strifetoe the Chopper (level 5, -9/45 HPs)
             Began as a Hill Orc Fighter on Nov 14, 2020.
             Mangled by an ogre
             ... wielding a +0 giant club
              (12 damage)
             ... on level 4 of the Dungeon.
             The game lasted 00:02:26 (3093 turns).

strifetoe the Chopper (Hill Orc Fighter)            Turns: 3093, Time: 00:02:27

Health: -9/45      AC:  9    Str: 20    XL:     5   Next: 81%
Magic:  5/5        EV:  7    Int:  8    God:
Gold:   230        SH:  9    Dex: 10    Spells: 4/4 levels left

rFire    . . .     SeeInvis .   a - +0 war axe
rCold    . . .     Faith    .   c - +0 kite shield
rNeg     . . .     Spirit   .   b - +0 scale mail
rPois    .         Reflect  .   (no helmet)
rElec    .         Harm     .   k - +0 cloak
rCorr    .         Rampage  .   l - +0 pair of gloves
MR       .....                  (no boots)
Stlth    ..........             (no amulet)
HPRegen  0.15/turn              (no ring)
MPRegen  0.09/turn              (no ring)

@: no status effects
A: no striking features
a: no special abilities


You were on level 4 of the Dungeon.
You visited 1 branch of the dungeon, and saw 4 of its levels.

You collected 230 gold pieces.

Inventory:

Hand Weapons
 a - a +0 war axe (weapon)
Armour
 b - a +0 scale mail (worn)
 c - a +0 kite shield (worn)
 k - a +0 cloak (worn)
 l - a +0 pair of gloves (worn)
Jewellery
 m - an uncursed ring of magical power {unknown}
Scrolls
 g - 3 scrolls of remove curse
 n - 2 scrolls of teleportation
 o - 2 scrolls of identify
 p - a scroll of enchant armour {unknown}
Potions
 d - a potion of might
 e - 5 potions of flight
 f - a potion of cancellation
 h - a potion of haste {unknown}
 i - a potion of degeneration {unknown}
 j - a potion of brilliance {unknown}
 q - a potion of curing {unknown}


   Skills:
 - Level 3.6 Fighting
 + Level 7.7 Axes
 - Level 3.2 Armour
 - Level 3.2 Shields


You had 4 spell levels left.
You didn't know any spells.
Your spell library contained the following spells:

 Spells                   Type           Power        Failure   Level
 Magic Dart               Conj           #...         99%         1
 Blink                    Tloc           N/A          100%        2
 Call Imp                 Summ           #.......     100%        2
 Slow                     Hex            #.......     100%        2
 Conjure Flame            Conj/Fire      #.......     100%        3
 Mephitic Cloud           Conj/Pois/Air  #.......     100%        3


Dungeon Overview and Level Annotations

Branches:
Dungeon (4/15)
 Temple: D:4-7

Altars:
Dithmenos
Gozag
Ru
Wu Jian


Message History

Your scale mail prevents you from hitting the ogre.
The ogre is heavily wounded.
The ogre closely misses you.
You hit the ogre.
The ogre is heavily wounded.
The ogre hits you with a +0 giant club!!
* * * LOW HITPOINT WARNING * * *
You are too injured to fight recklessly!
You are too injured to fight recklessly!
You are too injured to fight recklessly!
You are too injured to fight recklessly!
You are too injured to fight recklessly!
You are too injured to fight recklessly!
You are too injured to fight recklessly!
You are too injured to fight recklessly!
You are too injured to fight recklessly!
Unknown command.
It was a potion of cancellation.
You feel magically purged. The ogre hits you with a +0 giant club!
You die...

### #<#
#.# #.#
#@#
#####O####
#........#
#........#
#........#
#........#
####...).#
#.....#
#.....#


You could see an ogre.

Vanquished Creatures
  An orc priest (D:3)
  An orc wizard (D:3)
  4 adders
  3 gnolls (D:3)
  2 worms (D:2)
  3 dart slugs
  2 leopard geckos
  7 orcs (D:3)
  3 giant cockroaches
  5 hobgoblins
  2 quokkas (D:2)
  6 bats
  4 frilled lizards (D:2)
  7 goblins
  11 kobolds
  10 rats
71 creatures vanquished.

Notes
Turn   | Place    | Note
-------+----------+-------------------------------------------
     0 | D:1      | strifetoe the Hill Orc Fighter began the quest for the Orb.
     0 | D:1      | Reached XP level 1. HP: 19/19 MP: 1/1
     5 | D:1      | Reached skill level 3 in Axes
   282 | D:1      | Reached XP level 2. HP: 26/26 MP: 2/2
   457 | D:1      | Reached skill level 4 in Axes
   851 | D:2      | Found an opulent altar of Gozag.
   941 | D:2      | Found a sacrificial altar of Ru.
  1023 | D:2      | Reached XP level 3. HP: 15/31 MP: 3/3
  1278 | D:2      | Reached skill level 5 in Axes
  1333 | D:2      | Found an ornate altar of the Wu Jian Council.
  1511 | D:2      | Found a shadowy altar of Dithmenos.
  1765 | D:2      | Reached XP level 4. HP: 31/39 MP: 4/4
  1859 | D:3      | Reached skill level 6 in Axes
  1916 | D:3      | Found a faded altar of an unknown god.
  2203 | D:3      | Reached XP level 5. HP: 42/45 MP: 5/5
  2212 | D:3      | Reached skill level 7 in Axes
  3080 | D:4      | Noticed an ogre
  3088 | D:4      | HP: 2/45 [ogre/+0 giant club (21)]
  3093 | D:4      | Mangled by an ogre

Illustrated notes

Levels and vault maps discovered:
D:1:      dpeg_arrival_prison, layout_basic, minmay_pentomino_r2
D:2:      layout_basic, nicolae_overflow_hidden_temple,
          nicolae_gozag_seed_capital, old_standard_altar,
          nicolae_dithmenos_shadow_blocks
D:3:      layout_basic, chequers_ecumenical_altar_simple_redux,
          solitary_fountain
D:4:      layout_basic, minmay_temple_entry_gardened_gates

Skill      XL: |  1  2  3  4  5 |
---------------+----------------+-----
Axes           | 3 4 5 6 7 |  7.7
Fighting       | |  3.6
Armour         | |  3.2
Shields        | |  3.2

Action                   |  1- 3 |  4- 6 || total
-------------------------+-------+-------++-------
Melee: War axe           |   123 |    90 ||   213
  Use: Scroll            |     6 |       ||     6
       Potion            |       |     1 ||     1
Armor: Scale mail        |    59 |    49 ||   108
Dodge: Dodged            |    33 |    27 ||    60
Block: Kite shield       |    71 |    42 ||   113

Table legend: (Time is in decaauts)
 A = Elapsed time spent in this place.
 B = Non-inter-level travel time spent in this place.
 C = Inter-level travel time spent in this place.
 D = Time resting spent in this place.
 E = Time spent auto-exploring this place.
 F = Levels seen in this place.
 G = Mean time per level.
                   A        B        C        D        E       F      G
               +--------+--------+--------+--------+--------+-----+--------+
         Total |   3158 |   2960 |    198 |    468 |   1979 |   4 |  789.5 |
       Dungeon |   3158 |   2960 |    198 |    468 |   1979 |   4 |  789.5 |
               +--------+--------+--------+--------+--------+-----+--------+

Top non-repeatable levels by time:
     D:3: 1237 daAuts
     D:2: 1035 daAuts
     D:1: 867 daAuts
     D:4: 17 daAuts
